 Dungeon Crawl Stone Soup version 0.29-a0-322-g68df515428 (webtiles) character file.

Game seed: 14019591476083911744

28 OrbIsHorse the Skirmisher (level 3, -24/33 HPs)
             Began as a Hill Orc Fighter on Apr 8, 2022.
             Annihilated by an ogre
             ... wielding a +0 giant club
              (28 damage)
             ... on level 4 of the Dungeon.
             The game lasted 00:13:07 (1095 turns).

OrbIsHorse the Skirmisher (Hill Orc Fighter)        Turns: 1095, Time: 00:13:08

Health: -24/33     AC:  5    Str: 22    XL:     3   Next: 14%
Magic:  3/3        EV: 10    Int:  8    God:
Gold:   33         SH:  4    Dex: 10    Spells: 2/2 levels left

rFire   . . .      SeeInvis .   f - +2 dagger (speed)
rCold   . . .      Faith    .   c - +0 buckler
rNeg    . . .      Spirit   .   g - +0 ring mail
rPois   .          Reflect  .   (no helmet)
rElec   .          Harm     .   (no cloak)
rCorr   .          Rampage  .   (no gloves)
Will    .....                   (no boots)
Stlth   ..........              (no amulet)
HPRegen 0.11/turn               (no ring)
MPRegen 0.08/turn               (no ring)

@: no status effects
A: strong 1
a: no special abilities


You were on level 4 of the Dungeon.
You visited 1 branch of the dungeon, and saw 4 of its levels.

You collected 33 gold pieces.

Inventory:

Hand Weapons
 a - a +0 flail
 e - a +0 flail
 f - a +2 dagger of speed (weapon)
 i - a +0 short sword {orb}
 m - a +0 club
Missiles
 h - 18 stones (quivered)
 k - 5 curare-tipped darts
Armour
 b - a +0 scale mail
 c - a +0 buckler (worn)
 g - a +0 ring mail (worn)
Scrolls
 l - a scroll of amnesia {unknown}
 n - a scroll of noise {unknown}
Potions
 d - a potion of might
 j - a potion of magic {unknown}


   Skills:
 + Level 4.0 Fighting
 + Level 0.3 Short Blades
 + Level 2.4 Maces & Flails
 + Level 3.5 Armour
 + Level 3.9 Shields


You had 2 spell levels left.
You didn't know any spells.
Your spell library was empty.

Dungeon Overview and Level Annotations

Branches:
Dungeon (4/15)
 Temple: D:4-7

Altars:


Innate Abilities, Weirdness & Mutations

Your muscles are strong. (Str +2)


Message History

You kill the endoplasm!
The goblin hits you with a +0 club.
You barely miss the goblin. You hit the goblin.
The goblin is severely wounded.
The goblin hits you but does no damage.
You closely miss the goblin.
The goblin is severely wounded.
The goblin closely misses you.
You closely miss the goblin.
The goblin is severely wounded.
The goblin hits you with a +0 club.
You are too injured to fight recklessly!
You are too injured to fight recklessly!
You are too injured to fight recklessly!
You are too injured to fight recklessly!
You hit the goblin but do no damage.
The goblin is severely wounded.
You are too injured to fight recklessly!
You are too injured to fight recklessly!
You hit the goblin.
You kill the goblin!
Things that are here:
a +0 club; a +0 hand axe You start resting.
HP restored.
You start waiting.
Done waiting.
An ogre comes into view. It is wielding a +0 giant club.
The ogre shouts!
The ogre barely misses you. The ogre attacks as you move away!
The ogre hits you with a +0 giant club!!
Ouch! That really hurt!
The ogre hits you with a +0 giant club!
* * * LOW HITPOINT WARNING * * *
The ogre attacks as you move away!
The ogre hits you with a +0 giant club!!
Ouch! That really hurt!
You die...

. ##............# .#
##............# ..#
#.............#
...###............##
#...........)...##
##.............##
#............##
#............O##
#..##.....##..@##
....#####.#####...##
...## ### ##...# ...
#.##.# ... #.# ..#
... #♣.♣# ..# ...
#P.P# ..# ... #♣.♣#
... #P.P#


You could see an ogre.

Vanquished Creatures
  An adder (D:2)
  4 orcs
  2 ball pythons (D:2)
  2 endoplasms
  A giant cockroach (D:2)
  A quokka (D:3)
  A frilled lizard (D:3)
  2 goblins
14 creatures vanquished.

Notes
Turn   | Place    | Note
-------+----------+-------------------------------------------
     0 | D:1      | OrbIsHorse the Hill Orc Fighter began the quest for the
                  | Orb.
     0 | D:1      | Reached XP level 1. HP: 19/19 MP: 1/1
   126 | D:2      | Reached XP level 2. HP: 19/27 MP: 2/2
   126 | D:2      | Gained mutation: Your muscles are strong. (Str +2) [potion
                  | of mutation]
   516 | D:2      | Reached XP level 3. HP: 33/33 MP: 3/3
   792 | D:4      | Reached skill level 4 in Fighting
  1073 | D:4      | Noticed an ogre
  1095 | D:4      | Annihilated by an ogre

Illustrated notes

Levels and vault maps discovered:
D:1:      scummos_arrival_hexagon, layout_loops_corners, serial_glass,
          glass_columns_a, glass_columns_c, shapermc_ecumenical_altar_venn,
          lemuel_old_faithful
D:2:      layout_loops_cross
D:3:      layout_loops_cross, serial_bayou_pond_b, nicolae_elevator_lobby_plus,
          uniq_ijyb
D:4:      layout_cave_pods, mainiacjoe_overflow_paths,
          mainiacjoe_overflow_catwalk, dreamdust_princess_corridor,
          kennysheep_small_circle

Skill      XL: |  1  2  3 |
---------------+----------+-----
Fighting       | 4 |  4.0
Short Blades   | |  0.3
Maces & Flails | |  2.4
Armour         | |  3.5
Shields        | |  3.9

Action                   || total
-------------------------++-------
Melee: Dagger            ||    52
       Flail             ||     1
  Use: Potion            ||     2
Armor: Scale mail        ||     8
       Ring mail         ||     7
Dodge: Dodged            ||    15
Block: Buckler           ||     3

Table legend: (Time is in decaauts)
 A = Elapsed time spent in this place.
 B = Non-inter-level travel time spent in this place.
 C = Inter-level travel time spent in this place.
 D = Time resting spent in this place.
 E = Time spent auto-exploring this place.
 F = Levels seen in this place.
 G = Mean time per level.
                   A        B        C        D        E       F      G
               +--------+--------+--------+--------+--------+-----+--------+
         Total |   1063 |    834 |    229 |    547 |      0 |   4 |  265.8 |
       Dungeon |   1063 |    834 |    229 |    547 |      0 |   4 |  265.8 |
               +--------+--------+--------+--------+--------+-----+--------+

Top non-repeatable levels by time:
     D:2: 449 daAuts
     D:4: 348 daAuts
     D:3: 199 daAuts
     D:1: 66 daAuts
